 Dungeon Sprint DCSS version 0.30.1-11-g7821555f0a (webtiles) character file.

Game seed: 13959908724342670205

372 Groucho the Covert (level 6, -2/30 HPs)
             Began as a Spriggan Hunter on Jan 3, 2024.
             Was a High Priest of Sif Muna.
             Slain by a wraith (7 damage)
             ... led by Josephine
             ... in the Dungeon (Sprint VII: "The Pits").
             The game lasted 00:04:43 (1367 turns).

Groucho the Covert (Spriggan Hunter)                Turns: 1367, Time: 00:04:43

Health: -2/30      AC:  2    Str:  7    XL:     6   Next: 43%
Magic:  17/17      EV: 20    Int: 12    God:    Sif Muna [*****.]
Gold:   0          SH:  0    Dex: 19    Spells: 17/20 levels left

rFire   . . .        a - +0 shortbow
rCold   . . .        (shield currently unavailable)
rNeg    . . .        c - +0 robe
rPois   .            (helmet restricted)
rElec   .            (no cloak)
rCorr   .            (gloves unavailable)
SInv    +            (boots unavailable)
Will    +....        (no amulet)
Stlth   +++++        (no ring)
HPRegen 0.25/turn    (no ring)
MPRegen 0.15/turn

%: no teleportation
@: slowed, quick
A: very small, no large weapons, unfitting armour, see invisible, speed 3
a: Renounce Religion, Channel Magic, Forget Spell, Divine Exegesis


You were in the Dungeon.
You worshipped Sif Muna.
Sif Muna was extremely pleased with you.
You visited 1 branch

Inventory:

Hand Weapons
 a - a +0 shortbow (weapon)
 m - a +2 dagger
Armour
 c - a +0 robe (worn)
Scrolls
 b - a scroll of immolation
 i - a scroll of blinking
 k - 5 scrolls of amnesia
 l - a scroll of butterflies
Potions
 d - 6 potions of curing
 e - 3 potions of heal wounds
 f - a potion of haste
 g - 4 potions of magic
 h - 3 potions of berserk rage
 j - a potion of invisibility


   Skills:
 - Level 2.0 Fighting
 + Level 7.9 Ranged Weapons
 - Level 5.0 Dodging
 + Level 10.6 Stealth
 + Level 7.9 Spellcasting
 * Level 0.0 Conjurations
 * Level 0.0 Earth Magic
 + Level 6.3 Invocations


You had 17 spell levels left.
You knew the following spells:

 Your Spells              Type           Power      Damage    Failure   Level
a - Stone Arrow           Conj/Erth      8%         3d7       41%         3

Your spell library contained the following spells:

 Spells                   Type           Power      Damage    Failure   Level
 Dazzling Flash           Conj/Hex       8%         N/A       41%         3
 Ignite Poison            Fire/Tmut/Pois 4%         N/A       41%         3
 Mephitic Cloud           Conj/Pois/Air  4%         N/A       41%         3
 Tukima's Dance           Hex            4%         N/A       41%         3


Dungeon Overview and Level Annotations

Branches:
Dungeon (1/1)

Altars:
Ashenzari
Cheibriados
Dithmenos
Elyvilon
Fedhas
Gozag
Hepliaklqana
Kikubaaqudgha
Makhleb
Nemelex Xobeh
Okawaru
Qazlal
Ru
Sif Muna
Trog
Uskayaw
Vehumet
Wu Jian
Xom
Yredelemnul
Zin
The Shining One
Jiyva
Lugonu


Innate Abilities, Weirdness & Mutations

You are very small and have problems with some larger weapons.
You are too small for most types of armour.
You have supernaturally acute eyesight. (SInv)
You cover ground extremely quickly. (Speed+++)


Message History

Fire: a) +0 shortbow
Press: ? - help, Q - select action, (/) - cycle Shift-Dir - straight line, f/p - wraith
Aim: a wraith (lightly damaged, 65% to hit)
You shoot an arrow.
The arrow hits the wraith but does no damage.
The wraith is lightly damaged.
The wraith closely misses you. The wraith misses you.
Unknown command.
Unknown command.
Unknown command.
Fire: a) +0 shortbow
Press: ? - help, Q - select action, (/) - cycle Shift-Dir - straight line, f/p - wraith
Aim: a wraith (lightly damaged, 65% to hit)
You shoot an arrow. The arrow hits the wraith.
The wraith is moderately damaged.
The wraith barely misses you. The wraith hits you!
* * * LOW HITPOINT WARNING * * *
Unknown command.
Unknown command.
You feel much better. The wraith misses you.
Fire: a) +0 shortbow
Press: ? - help, Q - select action, (/) - cycle Shift-Dir - straight line, f/p - wraith
Aim: a wraith (moderately damaged, 65% to hit)
You shoot an arrow. The arrow hits the wraith.
The wraith is heavily damaged.
The wraith hits you! The wraith drains your vigour!
You feel as though you will be slow longer.
The wraith barely misses you.
Unknown command.
Fire: a) +0 shortbow
Press: ? - help, Q - select action, (/) - cycle Shift-Dir - straight line, f/p - wraith
Aim: a wraith (heavily damaged, 65% to hit)
You shoot an arrow. The arrow hits the wraith.
The wraith is heavily damaged.
The wraith hits you!
* * * LOW HITPOINT WARNING * * *
The wraith drains your vigour!
You feel as though you will be slow longer.
The wraith hits you!
You die...

#.#))#.....##.......
#)#))#.)...##.......
#t#[[###'####.......
#)##'#.....##...<...
#)#....†...##.......
#.#........##.......
#+###########.......
#.÷#.#.##.. ########
#.)@....#)# ####
##.#W#.##.#YYr.#
#.......#)#.W.W#
##.#.#.##.'Y.YY+
#.......#'#
##.#.#..'.#
##########


You could see a wraith.

Vanquished Creatures
  A kobold brigand (D)
  3 scorpions (D)
  An orc priest (D)
  2 iguanas (D)
  An orc wizard (D)
  A river rat (D)
  An adder skeleton (D)
  2 orcs (D)
  2 bats (D)
  A bat skeleton (D)
  A goblin (D)
  A hobgoblin (D)
  3 jackals (D)
  A kobold (D)
  A quokka (D)
  A ball python (D)
  A rat (D)
24 creatures vanquished.

Notes
Turn   | Place    | Note
-------+----------+-------------------------------------------
     0 | D        | Groucho the Spriggan Hunter began the quest for the Orb.
     0 | D        | Reached XP level 1. HP: 10/10 MP: 2/2
    16 | D        | Reached skill level 2 in Stealth
    43 | D        | Found a glowing golden altar of the Shining One.
    43 | D        | Found a glowing silver altar of Zin.
    43 | D        | Found a basalt altar of Yredelemnul.
    43 | D        | Found a shimmering altar of Xom.
    43 | D        | Found an ornate altar of the Wu Jian Council.
    43 | D        | Found a bloodstained altar of Trog.
    43 | D        | Found a shimmering blue altar of Sif Muna.
    43 | D        | Found a sacrificial altar of Ru.
    43 | D        | Found a stormy altar of Qazlal.
    43 | D        | Found an iron altar of Okawaru.
    43 | D        | Found a sparkling altar of Nemelex Xobeh.
    43 | D        | Found a burning altar of Makhleb.
    43 | D        | Found a viscous altar of Jiyva.
    43 | D        | Found a hazy altar of Hepliaklqana.
    43 | D        | Found an opulent altar of Gozag.
    43 | D        | Found a blossoming altar of Fedhas.
    43 | D        | Found a white marble altar of Elyvilon.
    43 | D        | Found a shadowy altar of Dithmenos.
    43 | D        | Found a snail-covered altar of Cheibriados.
    44 | D        | Found a radiant altar of Vehumet.
    44 | D        | Found a corrupted altar of Lugonu.
    45 | D        | Found an ancient bone altar of Kikubaaqudgha.
    45 | D        | Found a hide-covered altar of Uskayaw.
    45 | D        | Found a broken altar of Ashenzari.
    46 | D        | Became a worshipper of Sif Muna the Loreminder
    64 | D        | Reached skill level 1 in Spellcasting
    75 | D        | Reached skill level 3 in Stealth
   264 | D        | Noticed a scorpion
   296 | D        | Killed a scorpion
   296 | D        | Reached * piety under Sif Muna
   297 | D        | Reached skill level 5 in Ranged Weapons
   297 | D        | Reached skill level 5 in Dodging
   297 | D        | Reached skill level 5 in Stealth
   297 | D        | Reached XP level 2. HP: 15/15 MP: 4/7
   297 | D        | Reached XP level 3. HP: 18/18 MP: 5/9
   630 | D        | Noticed a scorpion
   639 | D        | Killed a scorpion
   639 | D        | Reached ** piety under Sif Muna
   640 | D        | Reached skill level 7 in Stealth
   640 | D        | Reached skill level 5 in Spellcasting
   640 | D        | Reached XP level 4. HP: 20/23 MP: 10/12
   902 | D        | Reached *** piety under Sif Muna
   903 | D        | Reached XP level 5. HP: 26/26 MP: 13/13
   922 | D        | Reached skill level 8 in Stealth
   922 | D        | Reached **** piety under Sif Muna
   923 | D        | Reached skill level 5 in Invocations
   947 | D        | Reached skill level 9 in Stealth
   958 | D        | Reached XP level 6. HP: 25/30 MP: 17/17
  1120 | D        | Reached skill level 10 in Stealth
  1154 | D        | Noticed a snapping turtle
  1287 | D        | Reached ***** piety under Sif Muna
  1296 | D        | Received a gift from Sif Muna
  1297 | D        | Got Sif Muna's Fundamentals of Sorcery {god gift}
  1302 | D        | Learned a level 3 spell: Stone Arrow
  1337 | D        | Noticed a dream sheep
  1337 | D        | Noticed a dream sheep
  1337 | D        | Noticed a dream sheep
  1337 | D        | Noticed a dream sheep
  1337 | D        | Noticed a dream sheep
  1337 | D        | Noticed a wraith
  1337 | D        | Noticed a wraith
  1367 | D        | Slain by a wraith

Illustrated notes

Levels and vault maps discovered:
D:        pitsprint [storerooms_1, entrance_room_1, metal_vault_2, armoury_2,
          mini_pit_1, grid_room_1, main_hall_1, silver_pit, the_coven_1,
          the_vestibule_1, steel_vault_1, golden_pit, hallway_of_sentries,
          crystal_vault_5, iron_vault_2, final_vault]

Skill      XL: |  1  2  3  4  5  6 |
---------------+-------------------+-----
Dodging        | 5 |  5.0
Stealth        | 5 7 9 10 | 10.6
Fighting       | 2 |  2.0
Spellcasting   | 3 5 7 |  7.9
Ranged Weapons | 5 6 7 |  7.9
Invocations    | 2 3 4 5 6 |  6.3

Action                     |  1- 3 |  4- 6 || total
---------------------------+-------+-------++-------
   Fire: Shortbow          |    20 |   133 ||   153
    Use: Potion            |       |     4 ||     4
 Armour: Robe              |       |     5 ||     5
  Dodge: Dodged            |     2 |    62 ||    64
